 Dungeon Crawl Stone Soup version 0.31-a0-978-g1e143483b6 (webtiles) character file.

Game seed: 6150841044145537776

72 CowFu the Shooter (level 4, 0/39 HPs)
             Began as a Kobold Hunter on Oct 31, 2023.
             Slain by Grinder (5 damage)
             ... on level 3 of the Dungeon.
             The game lasted 00:01:20 (2089 turns).

CowFu the Shooter (Kobold Hunter)                   Turns: 2089, Time: 00:01:21

Health: 0/39       AC: 22    Str:  8    XL:     4   Next: 50%
Magic:  4/4        EV:  3    Int: 10    God:
Gold:   101        SH:  0    Dex: 20    Spells: 3/3 levels left

rFire   . . .        a - +0 shortbow
rCold   + . .        (shield currently unavailable)
rNeg    . . .        c - melded +0 leather armour
rPois   +            (helmet currently unavailable)
rElec   .            (cloak currently unavailable)
rCorr   .            (gloves currently unavailable)
SInv    .            (boots currently unavailable)
Will    .....        (no amulet)
Stlth   +++          g - ring of poison resistance
HPRegen 0.26/turn    o - ring of protection from cold
MPRegen 0.09/turn

%: no passive effects
@: tree-form
A: stationary, stasis, torment immunity, boosted hp, small, no large weapons,
nightstalker 3
a: no special abilities


You were on level 3 of the Dungeon.
You were a tree.
You visited 1 branch of the dungeon, and saw 3 of its levels.

You collected 101 gold pieces.

Inventory:

Hand Weapons
 a - a +0 shortbow (weapon)
Armour
 c - a +0 leather armour (melded)
Jewellery
 g - a ring of poison resistance (left branch)
 o - a ring of protection from cold (right branch)
Wands
 k - a wand of flame (10)
Scrolls
 b - a scroll of butterflies
 d - 2 scrolls of fog {unknown}
 f - 3 scrolls of revelation {unknown}
 h - 4 scrolls of teleportation {unknown}
 i - a scroll of noise {unknown}
 l - a scroll of amnesia {unknown}
 n - a scroll of fear {unknown}
 p - a scroll of blinking {unknown}
 q - a scroll of immolation {unknown}
Potions
 e - a potion of curing {unknown}
 m - a potion of mutation {unknown}


   Skills:
 - Level 2.1 Fighting
 + Level 7.5 Ranged Weapons
 - Level 2.4 Dodging
 - Level 1.3 Stealth


You had 3 spell levels left.
You didn't know any spells.
Your spell library contained the following spells:

 Spells                   Type           Power      Damage    Failure   Level
 Magic Dart               Conj           0%         1d3       36%         1
 Call Imp                 Summ           0%         N/A       50%         2
 Mephitic Cloud           Conj/Pois/Air  0%         N/A       75%         3


Dungeon Overview and Level Annotations

Branches:
Dungeon (3/15)

Altars:

Annotations:
D:3 Grinder


Innate Abilities, Weirdness & Mutations

You are a tree.
Your roots penetrate the ground, keeping you stationary.
You cannot be teleported.
You are immune to unholy pain and torment.
Your maximum health is greatly increased.
Your equipment is partially melded.
You are small and have problems with some larger weapons.
You are completely attuned to the shadows.


Message History

Grinder gestures at you.
You barely resist.
You can move again.
You shoot an arrow. The arrow closely misses Grinder.
You shoot an arrow. The arrow closely misses Grinder.
Grinder hits you!
You writhe in agony.
You shoot an arrow. The arrow hits Grinder!
Grinder is moderately wounded.
Grinder completely misses you.
You shoot an arrow. The arrow completely misses Grinder.
Grinder hits you!
* * * LOW HITPOINT WARNING * * *
You are too injured to fight recklessly!
You are too injured to fight recklessly!
You are too injured to fight recklessly!
It was a potion of lignification.
You turn into a tree.
Your +0 leather armour melds into your body.
Your roots penetrate the ground.
Grinder hits you but does no damage.
Okay, then.
You are too injured to fight recklessly!
Fire: a) +0 shortbow
Press: ? - help, Q - select action, (/) - cycle Shift-Dir - straight line, f/p - Grinder
Aim: Grinder (moderately wounded, 63% to hit)
You shoot an arrow. The arrow hits Grinder!
Grinder is severely wounded.
Grinder barely misses you.
Fire: a) +0 shortbow
Press: ? - help, Q - select action, (/) - cycle Shift-Dir - straight line, f/p - Grinder
Aim: Grinder (severely wounded, 63% to hit)
You shoot an arrow. The arrow barely misses Grinder.
Grinder hits you but does no damage.
Fire: a) +0 shortbow
Press: ? - help, Q - select action, (/) - cycle Shift-Dir - straight line, f/p - Grinder
Aim: Grinder (severely wounded, 63% to hit)
You shoot an arrow. The arrow hits Grinder.
Grinder is severely wounded.
Grinder hits you.
* * * LOW HITPOINT WARNING * * *
You writhe in agony.
You die...
Grinder says, "Now the real fun starts!"

#.# #.## .
#..####### [.
#........# ..
#♣5......# ..
#........# ..
###...####
##+#
###....###
.... ####...#
#....
#.[....###....
#.......##....
#.......##....
#######.##....


You could see Grinder.

Vanquished Creatures
  A gnoll (D:1)
  An adder (D:3)
  3 worms
  4 dart slugs
  An orc (D:3)
  6 bats
  4 endoplasms
  2 giant cockroaches (D:1)
  A goblin (D:3)
  A hobgoblin (D:3)
  3 kobolds
  A quokka (D:3)
  4 ball pythons
  A frilled lizard (D:2)
  5 rats
38 creatures vanquished.

Notes
Turn   | Place    | Note
-------+----------+-------------------------------------------
     0 | D:1      | CowFu the Kobold Hunter began the quest for the Orb.
     0 | D:1      | Reached XP level 1. HP: 12/12 MP: 1/1
   111 | D:1      | Found a faded altar of an unknown god.
   286 | D:1      | Reached XP level 2. HP: 17/17 MP: 2/2
   725 | D:1      | Reached skill level 6 in Ranged Weapons
   866 | D:1      | Reached XP level 3. HP: 21/21 MP: 3/3
  1562 | D:3      | Reached skill level 7 in Ranged Weapons
  1573 | D:3      | Reached XP level 4. HP: 19/26 MP: 4/4
  1648 | D:3      | Identified the +0 leather armour of the Bursted God {-Tele
                  | rElec rCorr}
  2077 | D:3      | Noticed Grinder
  2078 | D:3      | Paralysed by Grinder for 4 turns
  2089 | D:3      | Slain by Grinder

Illustrated notes

Levels and vault maps discovered:
D:1:      dpeg_arrival_brainrot, layout_loops_ring, serial_rivers,
          chequers_serial_rivers_marsh, chequers_serial_rivers_small_a,
          chequers_serial_rivers_marsh, chequers_serial_rivers_marsh,
          chequers_serial_rivers_small_3, chequers_serial_rivers_micro_b,
          ebering_ecumenical_altar_webs
D:2:      layout_rooms
D:3:      layout_basic, wad_woods_river_04, due_unseen_surprise, uniq_grinder

Skill      XL: |  1  2  3 |
---------------+----------+-----
Ranged Weapons | 6 7 |  7.5
Fighting       | |  2.1
Dodging        | |  2.4
Stealth        | |  1.3

Action                     |  1- 3 |  4- 6 || total
---------------------------+-------+-------++-------
   Fire: Shortbow          |    82 |    43 ||   125
    Use: Potion            |       |     1 ||     1
 Armour: Leather armour    |    15 |     9 ||    24
         Skin              |       |     3 ||     3
  Dodge: Dodged            |    31 |    12 ||    43

Table legend: (Time is in decaauts)
 A = Elapsed time spent in this place.
 B = Non-inter-level travel time spent in this place.
 C = Inter-level travel time spent in this place.
 D = Time resting spent in this place.
 E = Time spent auto-exploring this place.
 F = Levels seen in this place.
 G = Mean time per level.
                   A        B        C        D        E       F      G
               +--------+--------+--------+--------+--------+-----+--------+
         Total |   2120 |   2046 |     74 |      0 |   1809 |   3 |  706.7 |
       Dungeon |   2120 |   2046 |     74 |      0 |   1809 |   3 |  706.7 |
               +--------+--------+--------+--------+--------+-----+--------+

Top non-repeatable levels by time:
     D:1: 1088 daAuts
     D:3: 553 daAuts
     D:2: 478 daAuts
